[Event "European Women-ch 2023"]
[Site "Petrovac"]
[Date "2023.03.27"]
[Round "9.21"]
[White "Petrova, Irina"]
[Black "Antolak, Julia"]
[Result "0-1"]
[ECO "B40"]
[WhiteElo "2123"]
[BlackElo "2276"]
[Annotator "TA"]
[PlyCount "166"]
[EventDate "2023.03.15"]
[EventType "swiss"]
[EventCountry "MNE"]
[SourceTitle "playchess.com"]
[Source "ChessBase"]
[SourceQuality "1"]
[TimeControl "40/5400+30:1800+30"]

1. e4 c5 2. Nf3 e6 3. c4 Nc6 4. Nc3 Nd4 5. g3 Ne7 6. Bg2 Nec6 7. O-O Be7 8. d3 O-O 9. a3 a6 10. Rb1 Rb8 11. Bf4 d6 12. Nxd4 cxd4 13. Ne2 (13. Na2 $1 $11) 13... e5 14. Bd2 b5 15. f4 (15. cxb5 $15 axb5 16. Ra1) 15... bxc4 $17 16. dxc4 Be6 17. b3 f6 18. Nc1 (18. Ra1 $142) 18... Bxc4 $17 19. Rf2 Qb6 20. Bf1 (20. Be1 $17) 20... Be6 21. Bd3 Rfc8 22. b4 Na7 23. a4 Rc6 ({Black should play} 23... Qc6 $17 24. Be1 d5) 24. Nb3 $11 Bc4 25. Bxc4+ Rxc4 26. Qg4 Rc7 27. b5 Qb7 (27... axb5 28. Ba5 Qc6 29. Bxc7 Qxc7 30. Qe6+ Kh8 31. Rc1 $16) 28. b6 Qxb6 29. Ba5 Qxa5 30. Nxa5 Rxb1+ 31. Kg2 Nc8 (31... Rb4 $11) 32. Qe2 (32. Qe6+ $16 Kf8 33. fxe5 dxe5 34. Nc4 (34. Qxa6 Nb6 $15) (34. Qxe5 Rc5 $11)) 32... Rb6 $2 (32... Kf8 $14) 33. Qa2+ $18 Kf8 {[%emt 0:01:07] [#]} 34. Rc2 $1 Rc5 35. fxe5 fxe5 (35... dxe5 $2 36. Rxc5 Bxc5 37. Qc2 $18) 36. Nb3 $2 ({White must play} 36. Rxc5 $18 dxc5 37. Qd5 Rb2+ 38. Kf3) 36... Rc3 $11 37. Rf2+ Bf6 38. Nd2 Ke7 39. Nf3 (39. Qg8 $5 ) 39... Rbc6 (39... Kd7 $11) 40. Nh4 (40. g4 $16 {Threatens to win with g5.} Nb6 41. g5 Bxg5 42. Nxg5) 40... d3 (40... R6c4 $11 {keeps the balance.}) 41. Nf5+ $16 Kf8 (41... Kd7 $14) 42. Ne3 (42. Nh6 $6 R6c4 $11) 42... Ne7 43. Qd2 Ke8 44. Nd1 (44. Qd1 $16) 44... Rb3 $11 45. Qa2 Rb4 46. Rd2 $1 Rxe4 47. Rxd3 d5 48. Ne3 d4 49. Nc4 (49. Nd1 $16) 49... Re1 $11 50. Na5 e4 51. Rb3 (51. Nxc6 $2 exd3 52. Qb3 d2 53. Qb8+ Kf7 54. Qb3+ Ke8 55. Qb8+ Kd7 56. Qb7+ Kd6 57. Qb4+ Kxc6 $19) 51... Rc8 52. Rb7 e3 53. Qe6 (53. Nc4 $5 Rd8 $8 54. Nb6 $11) 53... Rec1 54. Nb3 (54. Qxa6 $2 e2 55. Qxe2 R1c2 $19) 54... R1c7 55. Rxc7 Rxc7 56. Qe4 Rc4 57. a5 Rb4 {[%emt 0:00:47] [#]} (57... h5 $11 {remains equal.}) 58. Qd3 ({Much worse is} 58. Nc5 $6 Rb5 59. Ne6 Re5 60. Qa8+ Kf7 61. Nxd4 e2 $11) ({Only move:} 58. Qa8+ $1 $16 Kf7 59. Qxa6) 58... Kf8 ({Better is} 58... Be5 $11) 59. Kf3 (59. Nc5 $1 $14) 59... g6 $2 (59... Ke8 $11 {and Black stays safe.}) 60. Nc5 $2 (60. Qxa6 $18 {and the rest is easy.} Kg7 61. Nc5) 60... Rb5 $16 61. Ne6+ ({Worse is} 61. Nxa6 Rf5+ 62. Kg2 Re5 $17) 61... Kf7 62. Qc4 (62. Nxd4 Rd5 63. Qxa6 Bxd4 $19) 62... Rxa5 63. Nxd4+ Rd5 64. Nc2 Kg7 65. Nxe3 Rd6 66. Qc7 Rd3 67. Qc4 $2 (67. Ke2 $16 Rc3 68. Qa7) 67... Rc3 $19 68. Qe4 $2 (68. Qxa6 {was necessary.} Nf5 69. Qa7+ Kh6 70. Kg2 Rxe3 71. Qf7) 68... Nf5 $19 69. Qb7+ Kh6 70. Qxa6 Rxe3+ 71. Kg2 Bd4 72. Qa8 Kg7 73. Qb7+ $2 (73. g4 Nh4+ 74. Kf1) 73... Re7 $19 74. Qb4 h5 75. Kf3 Re3+ 76. Kg2 Re2+ 77. Kh3 Kh6 (77... Bg1 $142 78. Qc3+ Kh7 79. Qc7+ Ng7 80. g4 Rxh2+ 81. Kg3 h4+ 82. Kf4 Rf2+ 83. Ke4 h3 84. Qg3 Re2+ 85. Kd5 h2 86. Qh4+ Kg8 87. Kc4 Re4+ 88. Kd3 Nf5 89. Qd8+ Kh7 90. Qd7+ Re7 91. Qd5 Ng3 92. Kc4 Re4+ 93. Kc3 Bd4+ 94. Kc4 h1=Q 95. Qf7+ Bg7+ 96. Kb5 Re2 97. g5 Qa8 98. Qf6 Bxf6 99. gxf6 Qd5+ 100. Kb6 Rb2+ 101. Kc7 Rb7+ 102. Kc8 Qd7#) 78. Qf8+ Bg7 (78... Kh7 $142 79. Qd8 Bg1 80. Qc7+ Ng7 81. g4 Rxh2+ 82. Kg3 h4+ 83. Kf4 Rf2+ 84. Ke4 h3 85. Qg3 Re2+ 86. Kd5 h2 87. Qh4+ Kg8 88. Qd8+ Ne8 89. Qh4 Re7 {[%mdl 64] Promotion} 90. Qxe7 h1=Q+ 91. Kc4 Qc6+ 92. Kb3 Nf6 93. Qd8+ Kf7 94. Qd3 Nd5 95. Qf1+ Kg7 96. Qa1+ Kg8 97. Qa5 Bd4 98. Qd8+ Kf7 99. Qa5 Ne3 100. Qd2 Qc4+ 101. Ka3 Nc2+ 102. Qxc2 {[%mdl 64] Remove Defender} Qxc2 103. Kb4 Qc5+ 104. Ka4 Qc4+ 105. Ka5 Bc5 106. g5 Qb4+ 107. Ka6 Qb6#) 79. Qc8 Rb2 (79... Nd4 $142 80. Qc4 Nf3 81. Qxe2 Ng1+ 82. Kg2 Nxe2 83. Kf3 Nd4+ 84. Kf4 Bf6 85. h4 Nf5 86. Kf3 Be5 87. Ke4 Bxg3 88. Kd3 Bxh4 89. Ke2 Bg3 90. Kd3 h4 91. Ke4 h3 92. Kf3 Kg5 93. Ke4 h2 94. Kd5 h1=Q+ 95. Kc4 Qc6+ 96. Kb4 Ne3 97. Kb3 Bd6 98. Kb2 Qc2+ 99. Ka1 Be5#) 80. Qc1+ Kh7 81. Qd1 Ne3 82. Qd7 Ng4 83. Kh4 Kh6 0-1

[Event "European Women-ch 2023"]
[Site "Petrovac"]
[Date "2023.03.27"]
[Round "9.21"]
[White "Goriachkina, Oksana"]
[Black "Petrovska, Katerina"]
[Result "1-0"]
[ECO "E14"]
[WhiteElo "1759"]
[BlackElo "1907"]
[Annotator "TA"]
[PlyCount "123"]
[EventDate "2023.03.15"]
[EventType "swiss"]
[EventCountry "MNE"]
[SourceTitle "playchess.com"]
[Source "ChessBase"]
[SourceQuality "1"]
[TimeControl "40/5400+30:1800+30"]

1. d4 e6 2. c4 Nf6 3. Nf3 Bb4+ 4. Nbd2 b6 5. a3 Bxd2+ 6. Qxd2 Bb7 7. e3 a5 8. b3 d6 9. Be2 Nbd7 10. O-O O-O 11. Bb2 Qe7 12. Rfd1 {[%emt 0:04:07] E14: Queen's Indian: Classical Variation (4 e3).} Ne4 {[%emt 0:01:23] [#]} 13. Qe1 $146 ({Predecessor:} 13. Qc2 f5 14. d5 e5 15. b4 Ng5 16. Bc3 Nxf3+ 17. Bxf3 Qh4 18. Be2 Nf6 19. Be1 axb4 20. axb4 {1-0 Yilmaz,M (2614)-Hjartarson,J (2536) Reykjavik op 2017 (9)}) 13... f5 14. b4 {[%emt 0:01:59] The position is equal.} Rf6 (14... Qf6 {keeps more tension.} 15. Nd2 Qg5 16. d5 exd5 17. cxd5 Ndf6) 15. Nd2 Nxd2 16. Rxd2 Rh6 {[%emt 0:16:45] [#] aiming for ...Qh4.} 17. f3 Qg5 18. Qf2 Qh5 19. h3 g5 (19... Nf6 $14) 20. c5 {[%emt 0:09:49] And now Rc1 would win.} Nf6 $1 21. cxd6 cxd6 22. Qg3 (22. Rc2 {with more complications.} g4 23. fxg4 fxg4 24. Rc7) 22... Rd8 (22... g4 $1 $11 {keeps the balance.}) 23. bxa5 $16 bxa5 24. Bc3 g4 25. fxg4 fxg4 26. Bxg4 (26. Rb2 $16 Be4 27. Rf1 (27. Bxg4 Nxg4 28. Bxa5 Rd7 $16)) 26... Nxg4 $14 27. Qxg4+ Qxg4 28. hxg4 a4 29. Rb1 Bd5 30. Rb6 Bb3 (30... Rc8 $11 31. Bb4 Rc1+ 32. Kf2 Rg6) 31. Bb4 d5 32. Rf2 Rg6 33. Rf4 Re8 {[%emt 0:04:47] Repels Be7} 34. Rb7 Bd1 35. Ra7 Rg7 36. Ra5 Rf7 37. Kh2 Kg7 (37... Rxf4 $14 38. exf4 Bxg4) 38. Kg3 Kg6 39. Rxf7 Kxf7 $16 {[%emt 0:00:04][%mdl 4096] Endgame KRB-KRB} 40. Ra7+ Kg6 41. Kf4 h6 42. Ke5 Bxg4 43. Rxa4 {[%emt 0:00:18] White has more active pieces.} Rc8 44. Bc5 h5 45. Rb4 Kg5 46. a4 Kh4 $2 {[%emt 0:00:31] Loses the game.} (46... Ra8 $16 {is a better chance.} 47. Bd6 Kg6) 47. a5 $18 Kg3 48. Rb2 Ra8 49. Bb6 Bf5 50. Kd6 Be4 (50... Ra6 $142 51. Kc7 Bd3) 51. Kc7 ({Weaker is} 51. Kxe6 Bxg2 52. Bc7+ Kf3 $18) 51... Bd3 52. Kb7 Ra6 53. Bc7+ Kg4 54. Rf2 Bc4 (54... Bb5 $142 55. Rf8 Rc6) 55. Rf8 Bd3 56. Ra8 Rxa8 57. Kxa8 {[%emt 0:00:01] [#] Threatening mate with Kb7. KB-KB} h4 58. Kb7 Bf1 59. a6 {[%emt 0:00:13] a7 would kill now.} Bxa6+ 60. Kxa6 {[%emt 0:00:06] White mates.} h3 61. gxh3+ Kxh3 62. Kb6 {[%emt 0:00:27] Weighted Error Value: White=0.14 (very precise) /Black=0.66} 1-0

[Event "European Women-ch 2023"]
[Site "Petrovac"]
[Date "2023.03.27"]
[Round "9.22"]
[White "Radeva, Viktoria"]
[Black "Froewis, Annika"]
[Result "1/2-1/2"]
[ECO "B83"]
[WhiteElo "2247"]
[BlackElo "2123"]
[Annotator "TA"]
[PlyCount "76"]
[EventDate "2023.03.15"]
[EventType "swiss"]
[EventCountry "MNE"]
[SourceTitle "playchess.com"]
[Source "ChessBase"]
[SourceQuality "1"]
[TimeControl "40/5400+30:1800+30"]

1. e4 c5 2. Nf3 e6 3. d4 cxd4 4. Nxd4 Nf6 5. Nc3 d6 6. Be2 Be7 7. O-O O-O 8. f4 Nc6 9. Be3 Qc7 10. Qe1 Nxd4 11. Bxd4 e5 12. fxe5 dxe5 13. Qg3 Bc5 14. Bxc5 {[%emt 0:00:15] B83: Sicilian Scheveningen: 6 Be2, lines without ...a6.} Qxc5+ 15. Kh1 Kh8 16. Rxf6 gxf6 17. Qh4 Rg8 $1 18. Qxf6+ Rg7 {[%emt 0:00:07] [#]} 19. Nd5 $146 (19. Rd1 $5 Be6 $8 20. Rd8+ Rxd8 {[%mdl 64] Remove Defender} 21. Qxd8+ Rg8 22. Qf6+ Rg7 23. Qd8+ Rg8 24. Qf6+ Rg7 25. Qd8+ $11) ({Predecessor:} 19. Rd1 Be6 20. Rd8+ Rxd8 21. Qxd8+ Rg8 22. Qf6+ {½-½ Nepomniachtchi,I (2720)-Potkin,V (2646) RUS-ch 63rd Moscow 2010 (6)}) 19... Qxc2 {[%emt 0:07:12] And now ...Bh3 would win.} 20. Bf3 Be6 21. Qxe5 Bxd5 22. exd5 Qc5 23. Qf6 Re8 24. d6 {[%emt 0:09:45] aiming for d7.} Qb4 ({Black should try} 24... Qg5 $1 $15 25. Qd4 f6) 25. Rf1 (25. h3 $1 $11 {remains equal.} Re1+ 26. Rxe1 Qxe1+ 27. Kh2 Qg3+ 28. Kh1 Qe1+ 29. Kh2 Qg3+ 30. Kh1 Qe1+) 25... Re1 (25... Qd2 $1 $17 {...Re6 would be deadly.} 26. h3 (26. Bxb7 Re6 $17) 26... Re6 27. Qd8+ Rg8) 26. Qd8+ $1 $11 Rg8 27. Qf6+ Rg7 28. Be2 {[%emt 0:04:19] [#]} Rxf1+ $1 $17 (28... Rxe2 $2 29. d7 Qf8 30. d8=Q $18) 29. Bxf1 {[%emt 0:00:06][%mdl 4096] Endgame Intending d7 and mate. KQR-KQB} Qb6 (29... Qg4 $5 ) 30. h3 a6 {[%emt 0:04:14] [#]} (30... Qc6 $11) 31. Kh2 {[%emt 0:01:23] White is more active.} (31. Be2 $1 $16) 31... Qc5 $11 {[%emt 0:04:08] The position is equal.} 32. Qd8+ Rg8 33. Qf6+ Rg7 34. h4 Qc8 {[%emt 0:01:07] White must now prevent ...Qe6.} 35. Bc4 {[%emt 0:00:55][%mdl 64] Inhibits Qe6. Deflection} Qxc4 36. Qd8+ Rg8 37. Qf6+ Rg7 38. Qd8+ Rg8 {[%emt 0:00:08] An interesting game.   Weighted Error Value: White=0.21 (precise) /Black=0.23 (precise)} 1/2-1/2

[Event "European Women-ch 2023"]
[Site "Petrovac"]
[Date "2023.03.27"]
[Round "9.22"]
[White "Ivanovic, Tara"]
[Black "Zhezhovska, Monika"]
[Result "0-1"]
[ECO "B59"]
[WhiteElo "1472"]
[BlackElo "1761"]
[Annotator "NA RC COMBH"]
[PlyCount "42"]
[EventDate "2023.03.15"]
[EventType "swiss"]
[EventCountry "MNE"]
[SourceTitle "playchess.com"]
[Source "ChessBase"]
[SourceQuality "1"]
[TimeControl "40/5400+30:1800+30"]

1. e4 c5 2. Nf3 Nc6 3. d4 cxd4 4. Nxd4 Nf6 5. Nc3 d6 6. Be3 e5 7. Nb3 Be6 8. Be2 Be7 9. f3 O-O 10. Qd2 a5 11. Na4 Nd7 12. O-O-O Rc8 13. Kb1 Nb4 14. Rc1 b6 15. Bb5 Nc5 16. Naxc5 bxc5 17. c4 a4 18. a3 axb3 19. axb4 Ra8 20. Bc6 Qb6 21. Qc3 Ra1+ 0-1

[Event "European Women-ch 2023"]
[Site "Petrovac"]
[Date "2023.03.27"]
[Round "9.23"]
[White "Gajcin, Marina"]
[Black "Berke, Ana"]
[Result "1-0"]
[ECO "B40"]
[WhiteElo "2215"]
[BlackElo "2107"]
[Annotator "TA"]
[PlyCount "109"]
[EventDate "2023.03.15"]
[EventType "swiss"]
[EventCountry "MNE"]
[SourceTitle "playchess.com"]
[Source "ChessBase"]
[SourceQuality "1"]
[TimeControl "40/5400+30:1800+30"]

1. e4 c5 2. Nf3 e6 3. c3 Nf6 4. Bd3 Nc6 5. Bc2 e5 6. O-O {[%emt 0:04:38] B40: Sicilian: 2...e6, Unusual lines.} d6 7. h3 g6 8. d4 {[%emt 0:01:17] [#] White is slightly better.} Qc7 $146 ({Predecessor:} 8... Bg7 9. Re1 O-O 10. Na3 Nd7 11. dxc5 dxc5 12. Nc4 Nb6 13. Nd6 Be6 14. Be3 Qe7 {1-0 Guarin,D (1979)-Baasansuren,E (1871) World Amateur-ch 2013 (2)}) 9. Be3 c4 (9... Bd7 $16) 10. Qe2 Na5 (10... Bg7 $142 11. Qxc4 Bd7) 11. b4 cxb3 12. axb3 Bd7 13. dxe5 dxe5 {[%emt 0:01:39] [#]} 14. Nxe5 $1 Bg7 15. Bd4 O-O 16. b4 Nc6 17. Nxc6 Bxc6 {[%emt 0:01:54] [#]} (17... Qxc6 $16 {might work better.} 18. Nd2 (18. Rxa7 Rxa7 19. Bxa7 Re8 $16) 18... Qc7) 18. Nd2 (18. Rxa7 Rxa7 19. Bxa7 b6 $17) (18. b5 $1 $18 {[%cal Rb5c6] is more deadly.} Bd7 19. Rxa7) 18... a6 $16 19. Rfe1 $36 {[%emt 0:06:39][%mdl 2048] Black is under strong pressure. White is more active.} Rfe8 20. Qf3 Rad8 21. Nb3 Qe7 (21... Nd7 $16 22. Bxg7 Kxg7) 22. Na5 $18 Bb5 (22... Nd7 {keeps fighting.} 23. Nxc6 bxc6 24. Bxg7 (24. Rxa6 Bxd4 25. cxd4 Qxb4 $16) 24... Kxg7 25. Rxa6 c5) 23. Rad1 (23. e5 $18 {and White stays clearly on top.} Nd7 24. Nxb7 (24. Qxb7 Nxe5 25. Qxe7 Rxe7 $18) 24... Nxe5 25. Bxe5 Bxe5 26. Nxd8 Qxd8 27. Bb3) 23... Rc8 (23... Nd7 $16 {was called for.}) 24. e5 Nd7 25. Qxb7 ({Less strong is} 25. Nxb7 Bc6 26. Be4 Nxe5 27. Bxe5 Bxe4 28. Qxe4 Qxe5 29. Qxe5 Rxe5 $14) 25... Nxe5 26. Qxe7 Rxe7 27. Re3 {[%emt 0:02:35] Prevents Nf3+.} Nc6 {[%emt 0:02:22] ...Nxd4 is the strong threat.} 28. Rxe7 Nxe7 29. Bc5 {[%emt 0:00:21] Strongly threatening c4.} Nc6 30. Nxc6 Bxc6 31. c4 a5 32. bxa5 Bxg2 33. Kxg2 $2 (33. Bb6 $18 {has better winning chances.} Bf3 34. a6) 33... Rxc5 $16 {[%emt 0:00:05][%mdl 4096] Endgame KRB-KRB} 34. Rd8+ Bf8 35. a6 {[%emt 0:00:09] Hoping for a7.} Ra5 36. Ra8 Kg7 37. Be4 Ra2 38. Kf1 ({Of course not} 38. a7 Bc5 $15) 38... Bc5 39. f3 Be3 40. Bb7 Kf6 41. Rc8 Rc2 {[%emt 0:09:36] [#]} (41... Bf4 $16 {was necessary.}) 42. Rc7 $1 $18 Ra2 43. c5 {[%emt 0:04:51][%cal Of3f4,Bc4c5,Bc5c6][%mdl 32] Threatens to win with f4!} h5 44. c6 {[%emt 0:08:36] Black must now prevent Rd7.} Bb6 $2 (44... Rc2 {is more resistant.} 45. Bc8 Bb6) 45. Rd7 Kg5 46. Rxf7 Kh4 47. c7 Bxc7 48. Rxc7 {[%emt 0:00:03] KRB-KR} g5 49. Bc8 Kg3 50. a7 {[%emt 0:01:25] Be6 would be deadly.} h4 51. Be6 {[%emt 0:01:31] White mates.} Ra5 {[%emt 0:00:48] [#]} 52. Bd5 $1 Rxd5 (52... Ra1+ 53. Ke2) 53. a8=Q ({Not} 53. a8=B Ra5 $14) 53... Rf5 54. Rc3 Rf4 55. Qa2 {[%emt 0:00:41] Weighted Error Value: White=0.23 (precise) /Black=0.57} 1-0

[Event "European Women-ch 2023"]
[Site "Petrovac"]
[Date "2023.03.27"]
[Round "9.23"]
[White "Recica, Jona"]
[Black "Humbatova, Nazli"]
[Result "0-1"]
[ECO "C11"]
[WhiteElo "1231"]
[BlackElo "1737"]
[Annotator "NA RC COMBH"]
[PlyCount "84"]
[EventDate "2023.03.15"]
[EventType "swiss"]
[EventCountry "MNE"]
[SourceTitle "playchess.com"]
[Source "ChessBase"]
[SourceQuality "1"]
[TimeControl "40/5400+30:1800+30"]

1. e4 e6 2. d4 d5 3. Nc3 Nf6 4. e5 Nfd7 5. Nce2 c5 6. c3 Nc6 7. f4 Be7 8. Nf3 O-O 9. g3 a6 10. Bh3 c4 11. O-O Re8 12. f5 exf5 13. Bxf5 Nf8 14. Qc2 Ng6 15. h4 Bxf5 16. Qxf5 Qc8 17. Qxc8 Raxc8 18. h5 Nf8 19. Nf4 Rcd8 20. Bd2 h6 21. g4 f6 22. Rae1 fxe5 23. Nxe5 Bg5 24. Nf3 Rxe1 25. Rxe1 Nh7 26. Ne6 Bxd2 27. Nxd8 Bxe1 28. Nxc6 bxc6 29. Nxe1 Nf6 30. Nc2 Nxg4 31. Nb4 Nf6 32. Nxc6 Kf7 33. a4 Nxh5 34. Nb4 Ke6 35. Nxa6 Kd6 36. Kf2 Nf6 37. Nb4 g5 38. Nc2 Kc6 39. Na1 Kb6 40. b3 Ne4+ 41. Kf3 Nd2+ 42. Kg4 cxb3 0-1

[Event "European Women-ch 2023"]
[Site "Petrovac"]
[Date "2023.03.27"]
[Round "9.24"]
[White "Donghvani, Nia"]
[Black "Lehaci, Miruna-Daria"]
[Result "0-1"]
[ECO "B67"]
[WhiteElo "2025"]
[BlackElo "2202"]
[Annotator "TA"]
[PlyCount "88"]
[EventDate "2023.03.15"]
[EventType "swiss"]
[EventCountry "MNE"]
[SourceTitle "playchess.com"]
[Source "ChessBase"]
[SourceQuality "1"]
[TimeControl "40/5400+30:1800+30"]

1. e4 c5 2. Nf3 Nc6 3. d4 cxd4 4. Nxd4 Nf6 5. Nc3 d6 6. Bg5 a6 7. Qd2 e6 8. O-O-O Bd7 9. f4 b5 10. Bxf6 gxf6 11. Kb1 Qb6 12. Nxc6 Bxc6 13. f5 h5 {[%emt 0:00:04] B67: Sicilian: Richter-Rauzer: 7...a6 8 0-0-0 Bd7, lines without 9 f4 Be7.} 14. fxe6 fxe6 {[%emt 0:00:04] [#]} 15. Qe2 $146 ({Predecessor:} 15. Bd3 b4 16. Ne2 Bh6 17. Qe1 Qc5 18. Rf1 Ke7 19. b3 Bb5 20. Qh4 Bg5 21. Qh3 {0-1 Karjakin,S (2752)-Vidit,S (2726) Speed Chess Invitational blitz 2020 (3.6)}) 15... Kf7 {[%emt 0:04:09] White must now prevent ...b4. The position is equal.} 16. Qf3 Qc5 17. Bd3 $1 Bh6 (17... a5 $11) 18. Rhf1 $16 Bg5 {[%emt 0:07:16] [#]} (18... Bg7 $142) 19. Qh3 ({White must play} 19. h4 $1 $16 Bxh4 20. Nd5 exd5 21. exd5 Bxd5 22. Bg6+ Kxg6 23. Rxd5 (23. Qxd5 $2 {too greedy.} Qxd5 24. Rxd5 Bg3 $19)) 19... Qe5 {[%emt 0:09:30] [#]} (19... Rab8 $11) 20. Nd5 Rae8 ({But not} 20... exd5 21. exd5 Bxd5 22. Rde1 $16) 21. Nc7 Rc8 $36 {[%emt 0:05:50][%cal Be8c8,Bc8c4,Bc4g4,Bg4e4,Be4e2][%mdl 2080] Black is pushing. The board is on fire.} 22. Nxa6 {[%emt 0:00:02] Threatening Rfe1.} Bxe4 23. Bxe4 (23. Nb4 $11) 23... Qxe4 $15 24. Qb3 d5 25. Nb4 Qc4 26. Qxc4 (26. Nd3 $11 Kg7 27. c3) 26... Rxc4 27. c3 h4 28. Rf3 {[%emt 0:01:48] Black converts the advantage convincingly.} Rg4 29. Rf2 Re4 30. Nc2 f5 31. Nd4 {[%emt 0:01:30] [#]} ({Better is} 31. Rdf1) 31... b4 $1 $17 32. Rf3 (32. Nb5 $17 Bf4 33. cxb4) (32. Nf3 Be3) 32... Bf6 $19 33. Nb5 $2 (33. Rfd3 {was worth a try.}) 33... Re2 {[%emt 0:01:30] ...Rb8 is the strong threat.} 34. Nd4 Rxg2 35. cxb4 Rxh2 {[%emt 0:00:05] And now ...h3 would win.} 36. b5 h3 {[%emt 0:00:19] ...Rg2 would be deadly.} 37. b6 Bxd4 {[%emt 0:02:05][%mdl 64] Deflection} 38. Rxd4 {[%emt 0:00:05][%mdl 4096] Endgame KRR-KRR} Rh1+ 39. Kc2 h2 {[%emt 0:00:04] ( -> ...Ra1)} 40. Rc3 Rg1 {[%emt 0:00:00] Black mates.} 41. Rc7+ Kf6 42. b7 h1=Q 43. Kb3 Rb8 44. Rb4 Rg7 {[%emt 0:00:24] Weighted Error Value: White=0.72/Black=0.12 (very precise)} 0-1

[Event "European Women-ch 2023"]
[Site "Petrovac"]
[Date "2023.03.27"]
[Round "9.24"]
[White "Saraci, Rinesa"]
[Black "Maras, Marija Mia"]
[Result "1-0"]
[ECO "B76"]
[WhiteElo "1503"]
[BlackElo "1051"]
[Annotator "NA RC COMBH"]
[PlyCount "135"]
[EventDate "2023.03.15"]
[EventType "swiss"]
[EventCountry "MNE"]
[SourceTitle "playchess.com"]
[Source "ChessBase"]
[SourceQuality "1"]
[TimeControl "40/5400+30:1800+30"]

1. e4 c5 2. Nf3 Nc6 3. d4 cxd4 4. Nxd4 g6 5. Nc3 Bg7 6. Be3 Nf6 7. f3 O-O 8. Qd2 Re8 9. O-O-O d6 10. h4 h5 11. Bc4 Ne5 12. Bb3 Bd7 13. Bh6 a6 14. Bxg7 Kxg7 15. Nd5 e6 16. Nf4 Rh8 17. Nde2 Ne8 18. Nc3 b5 19. Qd4 Qf6 20. Nh3 Nc6 21. Qxf6+ Kxf6 22. Ng5 Ke7 23. Rd2 f6 24. Nh3 Na5 25. Rhd1 Nxb3+ 26. cxb3 Rc8 27. Kb1 b4 28. Ne2 e5 29. Nf2 Bb5 30. Ng3 Rd8 31. Rc1 Bd7 32. Nd1 Rc8 33. Rc4 Be6 34. Rxb4 f5 35. Rb6 fxe4 36. fxe4 Ra8 37. Rb7+ Kd8 38. Rf2 Bc8 39. Rbf7 Rb8 40. Nc3 Rb7 41. R7f3 Bg4 42. Rd3 Rhh7 43. Nd5 Rhf7 44. Rdd2 Be6 45. Nc3 Rxf2 46. Rxf2 Rf7 47. Rxf7 Bxf7 48. Kc2 Nc7 49. Nge2 Nb5 50. Nxb5 axb5 51. Kc3 Kc7 52. Kb4 Kb6 53. Nc3 Be8 54. g3 Ka6 55. a4 bxa4 56. bxa4 Bd7 57. Nb5 Bxb5 58. axb5+ Kb6 59. Kc4 Kc7 60. Kd5 Kb6 61. Kxd6 Kxb5 62. Kxe5 Kc6 63. Ke6 Kc5 64. e5 Kd4 65. Kf6 Kd5 66. e6 Kd6 67. e7 Kd7 68. Kf7 1-0

[Event "European Women-ch 2023"]
[Site "Petrovac"]
[Date "2023.03.27"]
[Round "9.25"]
[White "Pogorelskikh, Sofia"]
[Black "Fataliyeva, Ulviyya"]
[Result "0-1"]
[ECO "B07"]
[WhiteElo "2102"]
[BlackElo "2427"]
[Annotator "TA"]
[PlyCount "62"]
[EventDate "2023.03.15"]
[EventType "swiss"]
[EventCountry "MNE"]
[SourceTitle "playchess.com"]
[Source "ChessBase"]
[SourceQuality "1"]
[TimeControl "40/5400+30:1800+30"]

1. e4 d6 2. d4 Nf6 3. Nc3 g6 4. Be3 a6 5. Qd2 b5 6. Bd3 {[%emt 0:02:37] B07: Pirc Defence: Miscellaneous Systems.} (6. f3 $14 {was preferrable.}) 6... Bb7 7. f3 Nbd7 8. a4 {[%emt 0:07:26] The position is equal.} b4 9. Nce2 a5 10. g4 Nb6 {[%emt 0:01:05] [#]} 11. g5 $146 ({Predecessor:} 11. c4 bxc3 12. bxc3 Bg7 13. g5 Nh5 14. Ng3 Nxg3 15. hxg3 Qc8 16. Rb1 Ba6 17. Qe2 Bxd3 18. Qxd3 {1-0 Davidov,S (2326)-Beim,V (2516) EU Maccabi Games 12th 2007 (7)}) 11... Nfd7 12. h4 c5 {[%emt 0:02:04] ...c4 would be deadly.} 13. dxc5 ({Better is} 13. Bb5 $1 $14 Ba6 14. dxc5 dxc5 15. Qd3) 13... dxc5 $15 14. Bb5 Qc7 15. c3 (15. Rd1 $11) 15... Bc6 16. cxb4 (16. h5 $15) 16... axb4 $17 {[%emt 0:00:28] White must now prevent ...Bxb5.} 17. Rc1 Bxb5 18. axb5 Qd6 (18... Bg7 {is more complex.} 19. Qxb4 Ra2 20. Bd4 Ra1) 19. Qxd6 (19. Qc2 $142) 19... exd6 20. Nf4 (20. b3 $17 {was worth a try.}) 20... Bg7 21. Rh2 (21. b3 $142) 21... Ra2 $19 22. Nd3 Ne5 23. Rd1 Nxd3+ 24. Rxd3 Bxb2 {[%emt 0:01:23] Threatens to win with ...Bc3+.} 25. Rc2 Ke7 26. Rxc5 $2 (26. Rb3 Ra1+ 27. Kf2) 26... dxc5 27. Bxc5+ Ke6 {[%emt 0:01:07] Strongly threatening ...Bc3+.} 28. Rd6+ (28. Bxb6 $142 Rb8 29. Be3 Rxb5 30. Ne2) 28... Ke5 29. Rxb6 Bc3+ 30. Kf1 Rd8 31. Bf2 {[%emt 0:01:52] [#]} Rxf2+ $1 {[%emt 0:00:20][%mdl 512] Weighted Error Value: White=0.98/Black=0.08 (flawless)} 0-1